[Event "Titled Tuesday Blitz February 14 Early 2023"]
[White "Kobalia, Mikhail"]
[Black "Prieto Aranguren, Alain"]
[WhiteFideId "4119150"]
[BlackFideId "2268906"]
[WhiteElo "2578"]
[BlackElo "2258"]
[Result "1-0"]
[Round "03"]
[TimeControl "180+2"]
[Date "2023.02.15"]
[WhiteClock "0:01:24"]
[BlackClock "0:01:09"]

1. e4 c6 2. Nf3 d5 3. exd5 cxd5 4. Ne5 Nc6 5. d4 g6 6. Bb5 Bd7 7. Nxd7 Qxd7 8. Nd2 Bg7 9. Nf3 Nf6 10. O-O O-O 11. Re1 Qc7 12. c3 Ne4 13. Bd3 f5 14. Ng5 Qd6 15. Nh3 Qf6 16. f3 Nd6 17. Bg5 Qf7 18. Bf4 Rad8 19. Ng5 Qe8 20. Ne6 Ne4 21. fxe4 fxe4 22. Bb5 Rf6 23. Nxd8 Qxd8 24. Bg3 Qb6 25. Qb3 e6 26. Bxc6 Qxc6 27. Rf1 Rf5 28. a4 h5 29. Qb5 Qc8 30. Qc5 Qe8 31. Qxa7 g5 32. Qxb7 h4 33. Bd6 Qg6 34. a5 h3 35. a6 hxg2 36. Rxf5 Qxf5 37. a7 e3 38. a8=Q+ Kh7 39. Qxg7+ Kxg7 40. Ra7+ Kg6 41. Qg8+ Kh5 42. Rh7+ Kg4 43. h3+ Kf3 44. Rf7 e2 45. Rxf5+ exf5 46. Qxd5+ Ke3 47. Qe6+ Kd2 48. Bg3 1-0


[Site "https://www.chess.com"]

[Event "Titled Tuesday Blitz February 14 Early 2023"]
[White "Hoffmann, Asa"]
[Black "Janaszak, Dawid"]
[WhiteFideId "2001470"]
[BlackFideId "1119206"]
[WhiteElo "2185"]
[BlackElo "2316"]
[Result "0-1"]
[Round "03"]
[TimeControl "180+2"]
[Date "2023.02.15"]
[WhiteClock "0:00:27"]
[BlackClock "0:00:44"]

1. d4 Nf6 2. Bg5 Rg8 3. Nd2 b6 4. e4 Bb7 5. Bd3 h6 6. Bh4 g5 7. Bg3 c5 8. c3 cxd4 9. cxd4 Nc6 10. d5 Nb4 11. Bc4 e6 12. dxe6 fxe6 13. a3 d5 14. Bb5+ Nc6 15. e5 Nd7 16. Qh5+ Ke7 17. Ngf3 Qe8 18. Qxe8+ Kxe8 19. Rc1 Rc8 20. h3 a6 21. Bxc6 Rxc6 22. Rxc6 Bxc6 23. Nd4 Bb5 24. Nxe6 Be7 25. Nc7+ Kd8 26. Nxb5 axb5 27. Ke2 Nc5 28. Rd1 Kd7 29. b4 Ne6 30. Nf3 h5 31. Rxd5+ Kc6 32. Rd2 Ra8 33. Rd3 g4 34. hxg4 hxg4 35. Nh2 Rg8 36. Nf1 Ng5 37. Ne3 Ne4 38. Rd4 Nc3+ 39. Kd3 Na4 40. Rxg4 Rd8+ 41. Rd4 Rh8 42. f4 Rh1 43. f5 Ra1 44. f6 Rxa3+ 45. Ke4 Bf8 46. e6 Nc3+ 47. Kf5 Ne2 48. Bf4 Nxd4+ 49. Ke4 Nxe6 50. Be5 Bxb4 0-1


[Site "https://www.chess.com"]

[Event "Titled Tuesday Blitz February 14 Early 2023"]
[White "Ordekalog"]
[Black "Wilson, Elvin"]
[BlackFideId "2014874"]
[WhiteElo "2544"]
[BlackElo "2183"]
[Result "1-0"]
[Round "03"]
[TimeControl "180+2"]
[Date "2023.02.15"]
[WhiteClock "0:00:48"]
[BlackClock "0:00:05"]

1. e4 e6 2. Bb5 a6 3. Ba4 b5 4. Bb3 d5 5. exd5 exd5 6. d4 Nf6 7. Nf3 c5 8. dxc5 Bxc5 9. O-O O-O 10. Bg5 Bb7 11. c3 h6 12. Bh4 g5 13. Bg3 Ne4 14. Nbd2 Nxg3 15. hxg3 Nd7 16. Nd4 Nf6 17. Nf5 Kh7 18. Bc2 Ne4 19. Nb3 Bb6 20. Nbd4 Qf6 21. f3 Qxf5 22. fxe4 Qe5 23. Rf5 Qxg3 24. exd5 Kg8 25. Rf3 Qe5 26. Qd3 f5 27. Re3 Qxd5 28. Bb3 f4 29. Qg6+ 1-0


[Site "https://www.chess.com"]

[Event "Titled Tuesday Blitz February 14 Early 2023"]
[White "Andreassen, Lars"]
[Black "AidenRchess"]
[WhiteFideId "1504878"]
[WhiteElo "2168"]
[BlackElo "2517"]
[Result "0-1"]
[Round "03"]
[TimeControl "180+2"]
[Date "2023.02.15"]
[WhiteClock "0:00:38"]
[BlackClock "0:00:28"]

1. d4 Nf6 2. Nf3 g6 3. c4 Bg7 4. Nc3 d5 5. cxd5 Nxd5 6. Na4 Nb6 7. Nc5 Nc6 8. e3 O-O 9. Be2 Nd7 10. Nd3 Nf6 11. O-O Bf5 12. Nc5 b6 13. Nb3 h6 14. Bd2 Be4 15. Rc1 Qd7 16. Re1 a6 17. Bc3 Nd5 18. Bd3 Qe6 19. Bxe4 Qxe4 20. Bd2 Ncb4 21. Bxb4 Nxb4 22. Ra1 Rad8 23. a3 Nd5 24. Qe2 Qe6 25. Nbd2 b5 26. Rec1 Rd7 27. Rc5 Nb6 28. Rac1 Rc8 29. Qd3 Na4 30. Rc6 Qa2 31. Rxa6 Qxb2 32. Rb1 Qc3 33. Qf1 c6 34. Rc1 Qxa3 35. Rcxc6 Rxc6 36. Rxc6 b4 37. Ra6 Rc7 38. g4 Rc1 39. Ra8+ Kh7 40. Kg2 Rxf1 41. Kxf1 Qc1+ 42. Kg2 Nc3 43. Rb8 Na2 44. Rb7 Kg8 45. Rxe7 Qc6 46. Kg3 Nc1 47. e4 Qd6+ 48. Re5 f6 49. Nc4 Qc7 0-1


[Site "https://www.chess.com"]

[Event "Titled Tuesday Blitz February 14 Early 2023"]
[White "Balint, Vilmos"]
[Black "Bettalli, Francesco"]
[WhiteFideId "718050"]
[BlackFideId "2816453"]
[WhiteElo "2169"]
[BlackElo "2252"]
[Result "0-1"]
[Round "03"]
[TimeControl "180+2"]
[Date "2023.02.15"]
[WhiteClock "0:01:25"]
[BlackClock "0:02:20"]

1. e4 e5 2. f4 d5 3. exd5 exf4 4. Nf3 Nf6 5. d4 Nxd5 6. Bd3 Be7 7. O-O O-O 8. c4 Ne3 9. Bxe3 fxe3 10. Qe2 c5 11. d5 Bf6 12. Nc3 Re8 13. Rfe1 Bd4 14. Rad1 a6 15. Bb1 Bg4 16. h3 Bxf3 17. Qxf3 e2+ 18. Rxd4 cxd4 19. Nxe2 b5 20. Rf1 Qe7 21. Nxd4 Nd7 22. Nf5 Qc5+ 23. Kh1 Ne5 24. Qg3 Ng6 25. h4 Qxc4 26. Bd3 Qxd5 27. h5 Rad8 28. hxg6 hxg6 29. Bc2 gxf5 30. Rxf5 Qd2 31. Rg5 Qe1+ 32. Qxe1 Rxe1+ 33. Kh2 Rd2 34. Bb3 Rxb2 35. Rf5 Rxb3 36. axb3 Re3 37. Rc5 Rxb3 38. Rc8+ Kh7 39. Rc7 Kg6 40. Ra7 Ra3 41. g4 b4 42. Rb7 a5 43. Kg2 b3 44. Kf2 Ra2+ 45. Ke3 a4 46. Kd4 b2 47. Kc3 a3 48. Kc2 Ra1 0-1


[Site "https://www.chess.com"]

[Event "Titled Tuesday Blitz February 14 Early 2023"]
[White "Fajdetic, Hrvoje"]
[Black "dodoucb"]
[WhiteFideId "14501945"]
[WhiteElo "2151"]
[BlackElo "2485"]
[Result "0-1"]
[Round "03"]
[TimeControl "180+2"]
[Date "2023.02.15"]
[WhiteClock "0:00:08"]
[BlackClock "0:00:15"]

1. d4 d5 2. Bf4 Nf6 3. e3 e6 4. Nf3 Bd6 5. Bg3 O-O 6. Bd3 c5 7. c3 b6 8. Qe2 Bb7 9. Nbd2 a6 10. e4 dxe4 11. Nxe4 Nxe4 12. Bxe4 Bxe4 13. Qxe4 Ra7 14. O-O-O cxd4 15. Rxd4 Rd7 16. Bxd6 Rxd6 17. Rxd6 Qxd6 18. Ng5 g6 19. Qh4 h5 20. Ne4 Qe5 21. Re1 Kg7 22. f4 Qf5 23. h3 Nc6 24. Ng3 Qf6 25. Qxf6+ Kxf6 26. Ne4+ Ke7 27. Rd1 Rd8 28. Rxd8 Kxd8 29. Nd6 f6 30. Nc4 b5 31. Ne3 Kd7 32. g4 hxg4 33. hxg4 e5 34. f5 gxf5 35. gxf5 Kd6 36. Ng4 Ke7 37. Kd2 Kf7 38. Ke3 Na5 39. b3 Nb7 40. Ke4 Nd6+ 41. Kd5 Nxf5 42. Nxe5+ fxe5 43. Kxe5 Ne3 44. Kd4 Nc2+ 45. Kc5 Ke6 46. Kb6 Na3 47. Kxa6 Kd5 48. Ka5 Kc5 49. Ka6 Nb1 50. c4 b4 51. Ka5 Nc3 52. Ka6 Nxa2 53. Ka5 Nc1 54. Ka4 Nd3 55. Ka5 Nb2 56. Ka6 Nxc4 57. bxc4 Kxc4 58. Ka5 b3 59. Ka4 b2 60. Ka3 b1=Q 0-1


[Site "https://www.chess.com"]

[Event "Titled Tuesday Blitz February 14 Early 2023"]
[White "AyMitecK"]
[Black "Schut, Han"]
[BlackFideId "1005561"]
[WhiteElo "2484"]
[BlackElo "2101"]
[Result "1-0"]
[Round "03"]
[TimeControl "180+2"]
[Date "2023.02.15"]
[WhiteClock "0:01:48"]
[BlackClock "0:01:08"]

1. e4 c5 2. a3 g6 3. h4 Bg7 4. Bc4 Nc6 5. Nc3 Nf6 6. Nf3 e6 7. Ba2 d5 8. d3 dxe4 9. Nxe4 Nxe4 10. dxe4 Qxd1+ 11. Kxd1 O-O 12. Ke2 e5 13. c3 Bg4 14. Be3 b6 15. Bd5 Rac8 16. Rhd1 Ne7 17. Bb3 Kh8 18. Ke1 Rcd8 19. Rxd8 Rxd8 20. Ng5 Be6 21. Bxe6 fxe6 22. Nf7+ 1-0


[Site "https://www.chess.com"]

[Event "Titled Tuesday Blitz February 14 Early 2023"]
[White "Rios Escobar, Adan"]
[Black "Mazurkiewicz, Michal"]
[WhiteFideId "3403645"]
[BlackFideId "1124943"]
[WhiteElo "2234"]
[BlackElo "2145"]
[Result "1/2-1/2"]
[Round "03"]
[TimeControl "180+2"]
[Date "2023.02.15"]
[WhiteClock "0:00:05"]
[BlackClock "0:00:14"]

1. d4 Nf6 2. g3 g6 3. Bg2 Bg7 4. e4 d6 5. Ne2 O-O 6. O-O c5 7. dxc5 dxc5 8. e5 Nfd7 9. f4 Nb6 10. Nbc3 Nc6 11. Be3 c4 12. Qxd8 Rxd8 13. Rad1 Bf5 14. Ne4 Nd5 15. Bf2 Ncb4 16. Nd4 f6 17. exf6 exf6 18. a3 Nc6 19. Nxf5 gxf5 20. Rxd5 Rxd5 21. Nxf6+ Bxf6 22. Bxd5+ Kg7 23. Bxc4 Bxb2 24. Rb1 Bxa3 25. Rxb7+ Kg6 26. Bf7+ Kf6 27. Bd5 Rc8 28. Rxh7 Nb4 29. Bd4+ Kg6 30. Rg7+ Kh6 31. Rg8 Rxg8 32. Bxg8 a5 33. Bc3 a4 34. Bxb4 Bxb4 35. Kg2 Kg7 36. Ba2 Kf6 37. Kf3 Bc5 38. h3 a3 39. g4 fxg4+ 40. hxg4 Bb4 41. Ke4 Bc3 42. g5+ Kg6 43. Kf3 Kf5 44. Bc4 Bd2 45. g6 Kxg6 46. Kg4 Kf6 47. Bb3 Ke7 48. c4 Kd6 49. f5 Bc3 50. Kg5 Ke7 51. Kg6 Bd4 52. Ba2 Bc3 53. c5 Bd4 54. c6 Kd6 55. f6 Bxf6 56. Kxf6 Kxc6 57. Ke5 Kc5 58. Ke4 Kb4 59. Kd3 Kc5 60. Kc3 Kb6 61. Kb4 Ka7 62. Kxa3 1/2-1/2


[Site "https://www.chess.com"]

[Event "Titled Tuesday Blitz February 14 Early 2023"]
[White "Lopez Del Alamo, Antonio"]
[Black "Robledo, Cristian"]
[WhiteFideId "2227339"]
[BlackFideId "133450"]
[WhiteElo "2280"]
[BlackElo "2270"]
[Result "0-1"]
[Round "03"]
[TimeControl "180+2"]
[Date "2023.02.15"]
[WhiteClock "0:00:01"]
[BlackClock "0:00:16"]

1. e4 c5 2. Nf3 e6 3. d3 a6 4. g3 b5 5. Bg2 Bb7 6. O-O Nf6 7. Re1 d6 8. a4 Nbd7 9. Nc3 b4 10. Nb1 Be7 11. Nbd2 O-O 12. b3 e5 13. Nc4 a5 14. Nfd2 Ba6 15. Nf1 Nb6 16. Nfe3 Ra7 17. Bb2 Re8 18. Rf1 Bf8 19. f4 Bxc4 20. dxc4 exf4 21. Rxf4 Nbd7 22. Nf5 Ne5 23. h3 g6 24. Ne3 Bg7 25. Qe2 Rae7 26. Raf1 Nh5 27. Kh2 Bh6 28. Nd5 Bxf4 29. gxf4 Nc6 30. Qxh5 gxh5 31. Nf6+ Kh8 32. Nxe8+ Nd4 33. Nf6 Re6 34. Rg1 Qxf6 0-1


[Site "https://www.chess.com"]

[Event "Titled Tuesday Blitz February 14 Early 2023"]
[White "Zaichenko, Daria"]
[Black "Devaev, Alexander"]
[WhiteFideId "4197453"]
[BlackFideId "4169395"]
[WhiteElo "2104"]
[BlackElo "2325"]
[Result "0-1"]
[Round "03"]
[TimeControl "180+2"]
[Date "2023.02.15"]
[WhiteClock "0:00:02"]
[BlackClock "0:00:28"]

1. e4 c6 2. d4 d5 3. Nc3 dxe4 4. Nxe4 Bf5 5. Ng3 Bg6 6. h4 h6 7. h5 Bh7 8. Nf3 Nd7 9. Bd3 Bxd3 10. Qxd3 Qc7 11. Bd2 e6 12. O-O-O Ngf6 13. Kb1 O-O-O 14. Qb3 Bd6 15. Ne2 c5 16. c4 cxd4 17. Nexd4 Nc5 18. Qa3 a6 19. Ba5 b6 20. Bb4 Kb7 21. Nb3 Nfe4 22. Rhe1 Nxb3 23. Qxb3 Bxb4 24. Rxe4 Rxd1+ 25. Qxd1 Bc5 26. a3 Bxf2 27. Ne5 Bg3 28. Nd7 Rd8 29. Rd4 Kc8 30. Qf3 Rxd7 31. Qa8+ Qb8 32. Qc6+ Rc7 33. Qe8+ Kb7 34. Rd8 Qa7 35. b4 Bh4 36. Rd4 Bf6 37. Re4 Qb8 38. Qa4 Qc8 39. b5 a5 40. Qc2 Rc5 41. Qd3 Qd8 42. Qf3 Ka7 0-1


[Site "https://www.chess.com"]

[Event "Titled Tuesday Blitz February 14 Early 2023"]
[White "Martin, Lewis"]
[Black "Abdilkhair, Abilmansur"]
[WhiteFideId "410551"]
[BlackFideId "13716417"]
[WhiteElo "2135"]
[BlackElo "2268"]
[Result "1-0"]
[Round "03"]
[TimeControl "180+2"]
[Date "2023.02.15"]
[WhiteClock "0:00:15"]
[BlackClock "0:00:05"]

1. e4 e5 2. Nf3 Nc6 3. Bb5 a6 4. Ba4 Nf6 5. O-O b5 6. Bb3 Be7 7. Re1 d6 8. c3 O-O 9. a4 Bg4 10. h3 Bh5 11. d3 Rb8 12. Nbd2 b4 13. Nf1 bxc3 14. bxc3 Bxf3 15. gxf3 Nh5 16. Bd5 Na5 17. Ng3 Nf4 18. Bxf4 exf4 19. Nf5 c6 20. Ba2 Bf6 21. Qd2 Nb3 22. Bxb3 Rxb3 23. d4 g6 24. Nh6+ Kg7 25. Ng4 Bg5 26. h4 Bxh4 27. Qxf4 Bg5 28. Qg3 h5 29. Ne3 Rxc3 30. Rac1 Rxc1 31. Rxc1 Qf6 32. e5 dxe5 33. dxe5 Qe7 34. f4 Bh4 35. Qf3 c5 36. Qd5 f6 37. e6 Rd8 38. Qxc5 Qxe6 39. f5 Qe5 40. Qa7+ Kh6 41. Rc7 Rd2 42. Rh7+ Kg5 43. Rxh5+ Kxh5 44. Qh7+ Kg5 45. Qxg6+ Kf4 46. Qg4# 1-0


[Site "https://www.chess.com"]

[Event "Titled Tuesday Blitz February 14 Early 2023"]
[White "Sanchez, Robert"]
[Black "Afanasieva, Alexandra"]
[WhiteFideId "2034360"]
[BlackFideId "34126926"]
[WhiteElo "1966"]
[BlackElo "1857"]
[Result "1-0"]
[Round "03"]
[TimeControl "180+2"]
[Date "2023.02.15"]
[WhiteClock "0:00:06"]
[BlackClock "0:00:01"]

1. e4 c5 2. Nf3 e6 3. d4 cxd4 4. Nxd4 Nf6 5. Nc3 Nc6 6. a3 d6 7. Be3 Be7 8. Be2 O-O 9. O-O Qc7 10. Nb3 a6 11. f4 b5 12. Bf3 Bb7 13. Qe2 Rad8 14. Qf2 Qd7 15. Rad1 Qc8 16. g4 e5 17. f5 h6 18. h4 Nh7 19. Nd5 Rfe8 20. Qg3 Nd4 21. Nxe7+ Rxe7 22. Nxd4 exd4 23. Bxd4 Bxe4 24. Bc3 Qc5+ 25. Rf2 Bxf3 26. Qxf3 Re3 27. Bd4 Rxf3 28. Bxc5 Rg3+ 29. Rg2 Rxg2+ 30. Kxg2 d5 31. Bd4 Nf8 32. Re1 Rc8 33. c3 Nd7 34. g5 Nc5 35. gxh6 gxh6 36. Kf3 Ne4 37. Rg1+ Kf8 38. Bg7+ Ke7 39. Bxh6 Rh8 40. Bg5+ f6 41. Bf4 Rxh4 42. Rg7+ Ke8 43. Ra7 Rh3+ 44. Kg2 Rd3 45. Rxa6 d4 46. cxd4 Rxd4 47. Rb6 Rc4 48. Rxb5 Rc2+ 49. Kh3 Nf2+ 50. Kg3 Nd3 51. Bd6 Nxb2 52. Kh4 Kf7 53. Bb4 Rc4+ 54. Kh5 Nd3 55. Rb7+ Kg8 56. Kg6 Nf4+ 57. Kxf6 Nd5+ 58. Kg5 1-0


[Site "https://www.chess.com"]

[Event "Titled Tuesday Blitz February 14 Early 2023"]
[White "Antonio, Jorge Carlos"]
[Black "Tarasova, Viktoriya"]
[WhiteFideId "113190"]
[BlackFideId "4175840"]
[WhiteElo "2277"]
[BlackElo "2226"]
[Result "1-0"]
[Round "03"]
[TimeControl "180+2"]
[Date "2023.02.15"]
[WhiteClock "0:01:14"]
[BlackClock "0:00:47"]

1. d4 Nf6 2. Nf3 e6 3. Bf4 d5 4. e3 c5 5. c3 Bd6 6. Ne5 O-O 7. Bd3 Qc7 8. Nd2 Nbd7 9. Ndf3 Ne4 10. O-O f6 11. Bxe4 dxe4 12. Nxd7 Bxd7 13. Bxd6 Qxd6 14. dxc5 Qc7 15. Nd2 f5 16. b4 Bc6 17. Nb3 Rad8 18. Qc2 f4 19. exf4 Qxf4 20. Nd4 Bd5 21. Rae1 e5 22. Nb5 Qg5 23. c4 Bc6 24. Nd6 Rf4 25. b5 Be8 26. Nxe4 Qg6 27. f3 Bd7 28. Rd1 1-0


[Site "https://www.chess.com"]

[Event "Titled Tuesday Blitz February 14 Early 2023"]
[White "Gonzalez, Francisco Silva"]
[Black "Kubatko, Ivan"]
[WhiteFideId "1512285"]
[BlackFideId "24111473"]
[WhiteElo "2021"]
[BlackElo "2257"]
[Result "1-0"]
[Round "03"]
[TimeControl "180+2"]
[Date "2023.02.15"]
[WhiteClock "0:01:38"]
[BlackClock "0:00:01"]

1. d4 d5 2. c4 e6 3. Nc3 c5 4. cxd5 cxd4 5. Qa4+ Bd7 6. Qxd4 exd5 7. Qxd5 Nc6 8. Nf3 Nf6 9. Qb3 Be6 10. Qc2 Nb4 11. Qb1 Bc5 12. e3 O-O 13. a3 Nbd5 14. Bd2 Bg4 15. Be2 Nxc3 16. Bxc3 Nd5 17. Qd3 Nxc3 18. Qxc3 Rc8 19. O-O Qb6 20. b4 Be7 21. Qd4 Qxd4 22. Nxd4 Bxe2 23. Nxe2 Bf6 24. Rad1 Rc2 25. Nf4 Ra2 26. Rd7 b6 27. Rd3 Rc8 28. Rfd1 g6 29. g3 Rcc2 30. Nh3 Kg7 31. Rd7 Rxa3 32. Rb7 a5 33. Rdd7 axb4 34. Rxf7+ Kh6 35. Rxh7# 1-0


[Site "https://www.chess.com"]

[Event "Titled Tuesday Blitz February 14 Early 2023"]
[White "Zherebtsova, Alexandra"]
[Black "Ciuffoletti, Paolo"]
[WhiteFideId "24129518"]
[BlackFideId "807630"]
[WhiteElo "2155"]
[BlackElo "2106"]
[Result "1-0"]
[Round "03"]
[TimeControl "180+2"]
[Date "2023.02.15"]
[WhiteClock "0:01:19"]
[BlackClock "0:00:10"]

1. d4 d5 2. Nf3 Nf6 3. c4 c6 4. Nbd2 g6 5. e3 Bg7 6. Bd3 O-O 7. O-O Bg4 8. h3 Bxf3 9. Nxf3 Nbd7 10. b3 Re8 11. Bb2 Ne4 12. Qc2 f5 13. Rac1 e6 14. b4 Qe7 15. Qb3 b6 16. a4 h6 17. Ba3 Qf7 18. b5 cxb5 19. axb5 dxc4 20. Bxc4 Ndf6 21. Ne5 Qb7 22. Bxe6+ Kh7 23. Rfd1 Rxe6 24. Qxe6 Nd5 25. Qxg6+ Kg8 26. Qxf5 Nec3 27. Re1 Qc8 28. Qxc8+ Rxc8 29. Bb2 Rc7 30. e4 Bxe5 31. dxe5 1-0


[Site "https://www.chess.com"]

[Event "Titled Tuesday Blitz February 14 Early 2023"]
[White "Kuchava, Ana"]
[Black "Begunov, Konstantin"]
[WhiteFideId "13605348"]
[BlackFideId "4118510"]
[WhiteElo "2101"]
[BlackElo "2325"]
[Result "0-1"]
[Round "03"]
[TimeControl "180+2"]
[Date "2023.02.15"]
[WhiteClock "0:00:46"]
[BlackClock "0:02:02"]

1. d4 d5 2. Nf3 c6 3. c4 Nf6 4. Qb3 e6 5. Bg5 Be7 6. e3 O-O 7. Bd3 a6 8. O-O dxc4 9. Bxc4 b5 10. Bd3 Bb7 11. Nc3 c5 12. dxc5 Qxd3 13. Rad1 Qg6 14. h4 Bxf3 15. gxf3 h6 16. c6 Nxc6 0-1


[Site "https://www.chess.com"]

[Event "Titled Tuesday Blitz February 14 Early 2023"]
[White "Goltsev, Dmitry"]
[Black "Ramirez Vido, Robert Yorisan"]
[WhiteFideId "24176710"]
[BlackFideId "3513823"]
[WhiteElo "2269"]
[BlackElo "2015"]
[Result "1-0"]
[Round "03"]
[TimeControl "180+2"]
[Date "2023.02.15"]
[WhiteClock "0:02:45"]
[BlackClock "0:01:45"]

1. e4 c5 2. Nf3 Nc6 3. d4 cxd4 4. Nxd4 g6 5. Nxc6 bxc6 6. Qd4 Nf6 7. e5 Nd5 8. c4 Nc7 9. e6 f6 10. exd7+ Bxd7 11. Nc3 Bg7 12. Be3 e5 13. Qd6 Bf8 14. Qd2 Qe7 15. O-O-O Rb8 16. Bxa7 Rb7 17. Bc5 Qf7 18. Ne4 f5 19. Nf6+ 1-0


[Site "https://www.chess.com"]

[Event "Titled Tuesday Blitz February 14 Early 2023"]
[White "Fries-Nielsen, Jens Ove"]
[Black "De Souza, Cristiano Gomes"]
[WhiteFideId "1400142"]
[BlackFideId "2151758"]
[WhiteElo "2377"]
[BlackElo "2018"]
[Result "1-0"]
[Round "03"]
[TimeControl "180+2"]
[Date "2023.02.15"]
[WhiteClock "0:01:27"]
[BlackClock "0:00:52"]

1. d4 Nf6 2. Bg5 g6 3. Bxf6 exf6 4. e3 Bg7 5. c4 O-O 6. Nc3 f5 7. g3 d6 8. Bg2 Nd7 9. Nge2 Nf6 10. b4 a5 11. b5 Re8 12. O-O Ne4 13. Qc2 Nxc3 14. Nxc3 Rb8 15. Rfd1 Be6 16. Qd3 Qe7 17. Rac1 Red8 18. Nd5 Qd7 19. Nf4 Qe7 20. a4 h6 21. Qd2 b6 22. Bd5 Kh7 23. h4 Bf6 24. Kg2 Bc8 25. Rh1 h5 26. Qa2 Kg7 27. Rc2 Bb7 28. Bxb7 Rxb7 29. Nd5 Qe4+ 30. f3 Qe6 31. Qb3 Re8 32. Qd3 Qd7 33. Nf4 Rbb8 34. Rd1 Rbd8 35. Nd5 Be7 36. Re2 Bf8 37. Rde1 Re6 38. Nf4 Ree8 39. Qc3 Be7 40. e4 fxe4 41. fxe4 Qg4 42. Rf2 Bf6 43. Nd5 Bxh4 44. Qf3 Qxf3+ 45. Rxf3 Bg5 46. Nxc7 Re7 47. Nd5 Re6 48. Nxb6 Rde8 49. c5 dxc5 50. dxc5 Rxe4 51. Rxe4 Rxe4 52. c6 Re2+ 53. Rf2 Re1 54. Nc4 Rc1 55. Nxa5 Be3 56. Re2 Rc3 57. Rxe3 Rxe3 58. c7 1-0


[Site "https://www.chess.com"]

[Event "Titled Tuesday Blitz February 14 Early 2023"]
[White "Tologon tegin, Semetei"]
[Black "Hartikainen, Jarmo"]
[WhiteFideId "13800574"]
[BlackFideId "503134"]
[WhiteElo "2372"]
[BlackElo "2108"]
[Result "1-0"]
[Round "03"]
[TimeControl "180+2"]
[Date "2023.02.15"]
[WhiteClock "0:01:34"]
[BlackClock "0:01:40"]

1. Nf3 Nf6 2. g3 g6 3. Bg2 Bg7 4. O-O O-O 5. c4 c5 6. Nc3 Nc6 7. d4 cxd4 8. Nxd4 a6 9. c5 Qc7 10. Nb3 Rd8 11. Bf4 e5 12. Bg5 Ne7 13. Bxf6 Bxf6 14. Nd5 Bg7 15. Nxc7 1-0


[Site "https://www.chess.com"]

[Event "Titled Tuesday Blitz February 14 Early 2023"]
[White "Vifleemskaia, Svetlana"]
[Black "Saravana, Krishnan P."]
[WhiteFideId "4129490"]
[BlackFideId "5018382"]
[WhiteElo "1971"]
[BlackElo "2284"]
[Result "0-1"]
[Round "03"]
[TimeControl "180+2"]
[Date "2023.02.15"]
[WhiteClock "0:00:01"]
[BlackClock "0:00:50"]

1. d4 Nf6 2. c4 e6 3. Nc3 Bb4 4. e3 O-O 5. Ne2 d5 6. a3 Bd6 7. c5 Be7 8. f4 b6 9. b4 a5 10. Bd2 bxc5 11. bxc5 Ba6 12. Qa4 Nbd7 13. Ng3 Bxf1 14. Rxf1 Qc8 15. Kf2 Ng4+ 16. Kg1 f5 17. Rab1 Ngf6 18. Qc6 Ra6 19. Qb5 Ra7 20. Na4 Ne4 21. Nxe4 fxe4 22. Qc6 Nb8 23. Qb5 Bd8 24. c6 Be7 25. Rb3 Qe8 26. Rc1 Ra6 27. Bxa5 Rxc6 28. Rxc6 Nxc6 29. Bxc7 g5 30. Be5 Qh5 31. Rb1 Nxe5 32. fxe5 Qf7 0-1


[Site "https://www.chess.com"]

[Event "Titled Tuesday Blitz February 14 Early 2023"]
[White "rikchessmx"]
[Black "Demin, Vladimir"]
[BlackFideId "4167457"]
[WhiteElo "2312"]
[BlackElo "2430"]
[Result "0-1"]
[Round "03"]
[TimeControl "180+2"]
[Date "2023.02.15"]
[WhiteClock "0:01:01"]
[BlackClock "0:01:12"]

1. e4 e6 2. d4 d5 3. Nc3 dxe4 4. Nxe4 Nf6 5. Nxf6+ Qxf6 6. Nf3 Qd8 7. Bg5 Be7 8. h4 h6 9. Be3 Nd7 10. Qd2 a6 11. O-O-O b5 12. Be2 Bb7 13. g4 Rc8 14. g5 h5 15. g6 f6 16. c4 bxc4 17. Bxc4 Bxf3 18. Bxe6 Rb8 19. Bf7+ Kf8 20. Kb1 Bxh1 21. Rxh1 Nb6 22. d5 Nc4 23. Qc3 Nxe3 24. fxe3 Bd6 25. Rf1 Qe7 26. b3 Qe4+ 27. Kc1 Ba3+ 28. Kd1 Qg4+ 29. Kc2 Qxh4 30. Qxc7 Qe4+ 31. Kd1 Qg4+ 32. Kd2 Rc8 33. Qa5 Bb4+ 34. Qxb4+ Qxb4+ 35. Kd3 Qc3+ 0-1


[Site "https://www.chess.com"]

[Event "Titled Tuesday Blitz February 14 Early 2023"]
[White "Kopczynski, Michal"]
[Black "Jenkins, Drake"]
[WhiteFideId "1124200"]
[BlackFideId "2022397"]
[WhiteElo "2225"]
[BlackElo "2130"]
[Result "1-0"]
[Round "03"]
[TimeControl "180+2"]
[Date "2023.02.15"]
[WhiteClock "0:01:11"]
[BlackClock "0:00:08"]

1. e4 c5 2. d4 cxd4 3. c3 d3 4. Bxd3 Nc6 5. f4 g6 6. Nf3 Bg7 7. O-O d5 8. e5 Nh6 9. Kh1 O-O 10. Qe1 Bf5 11. Bxf5 Nxf5 12. g4 Nh6 13. Qh4 d4 14. f5 Nxf5 15. gxf5 Nxe5 16. Nxd4 Qd5+ 17. Kg1 Rac8 18. Bh6 Rc4 19. Bxg7 Kxg7 20. Nd2 Rc7 21. Rae1 h6 22. f6+ Kh7 23. fxe7 Re8 24. Ne4 Nd7 25. Rxf7+ Qxf7 26. Ng5+ 1-0


[Site "https://www.chess.com"]

[Event "Titled Tuesday Blitz February 14 Early 2023"]
[White "Cepo, Toni"]
[Black "Ortega Amarelle, Mariano"]
[WhiteFideId "4675916"]
[BlackFideId "3504301"]
[WhiteElo "2145"]
[BlackElo "2472"]
[Result "0-1"]
[Round "03"]
[TimeControl "180+2"]
[Date "2023.02.15"]
[WhiteClock "0:00:10"]
[BlackClock "0:01:28"]

1. e4 e6 2. d4 d5 3. Nd2 c5 4. exd5 Qxd5 5. Ngf3 Nf6 6. Bc4 Qd7 7. Nb3 cxd4 8. Nbxd4 a6 9. O-O b5 10. Bd3 Bb7 11. c3 Nc6 12. Nxc6 Qxc6 13. Qe2 Bc5 14. Be3 Bxe3 15. Qxe3 O-O 16. Rfd1 Rfd8 17. Bf1 Nd5 18. Qe4 Qc7 19. Qe5 Rd6 20. Rd4 Rad8 21. Rad1 f6 22. Qg3 e5 23. R4d2 Nf4 24. Rxd6 Rxd6 25. Rxd6 Qxd6 26. Nh4 Qd1 27. Qe3 g5 28. Nf3 Kf7 29. Qb6 Ne2+ 0-1


[Site "https://www.chess.com"]

[Event "Titled Tuesday Blitz February 14 Early 2023"]
[White "Pein, Jonathan"]
[Black "Mazibuko, Khanya"]
[WhiteFideId "417092"]
[BlackFideId "14321041"]
[WhiteElo "2265"]
[BlackElo "1913"]
[Result "0-1"]
[Round "03"]
[TimeControl "180+2"]
[Date "2023.02.15"]
[WhiteClock "0:00:09"]
[BlackClock "0:00:23"]

1. e4 e5 2. Nf3 Nc6 3. Nc3 Nf6 4. d4 exd4 5. Nd5 Nb4 6. Bc4 Nbxd5 7. exd5 Bb4+ 8. Bd2 Qe7+ 9. Qe2 Qxe2+ 10. Kxe2 Bc5 11. Rhe1 O-O 12. b4 Bb6 13. Kf1 d6 14. Bg5 Bf5 15. Bxf6 gxf6 16. Bb3 a5 17. a3 Rfe8 18. Rxe8+ Rxe8 19. Rd1 Bg4 20. Re1 Ra8 21. Nd2 axb4 22. axb4 Bd7 23. g3 Kf8 24. Kg2 c5 25. Nc4 Bc7 26. bxc5 dxc5 27. d6 Bd8 28. f3 b5 29. Nd2 c4 30. Nxc4 bxc4 31. Bxc4 Rc8 32. Bd3 h6 33. h4 Rc6 34. Ra1 Rxd6 35. Kf2 f5 36. Ra8 Ke7 37. Ra7 Ke8 38. h5 Be6 39. Ra8 Ke7 40. Ra7+ Rd7 41. Ra6 Bc7 42. f4 Bd6 43. Bb5 Rc7 44. Bd3 Bb4 45. Ra8 Kf6 46. Rb8 Bc3 47. Rh8 Kg7 48. Rb8 Ra7 49. g4 Ra5 50. g5 Ra1 51. Rb7 Rh1 52. Be2 Rh2+ 53. Kf1 Bd2 54. g6 Bxf4 55. gxf7 Be3 56. Bd3 Rxh5 57. Re7 Ba2 58. c4 dxc3 59. Bb1 Bc4+ 60. Kg2 Bg5 61. Rc7 Bd5+ 62. Kf2 Rh2+ 63. Kg3 Rb2 64. Bxf5 Rb7 65. Rxc3 Rxf7 66. Bg4 Bb7 67. Rb3 Bf6 68. Bh5 Be5+ 69. Kh3 Rc7 70. Bf3 Bxf3 71. Rxf3 Bf6 72. Kg4 Bg5 73. Rd3 Rc4+ 74. Kg3 Kg6 75. Rd6+ Kh5 76. Rd3 Rg4+ 77. Kh3 Re4 78. Rf3 Kg6 79. Kg3 h5 80. Kh3 h4 81. Rd3 Kh5 82. Rf3 Be7 83. Rf5+ Kg6 84. Rf3 Bd6 85. Rd3 Bg3 86. Rd6+ Bxd6 0-1


[Site "https://www.chess.com"]